AoeStats
← 佞臣

Arena

508385347Analyzed
2v2 RM · 11d ago on Sep 22, 2026· 50m 7s· 4 players
Game mode
Random Map
Map size
Medium (4 player)
Population
200
Speed
Normal
Resources
Standard
Victory
Conquest
Starting age
Dark Age
Ending age
Imperial Age
RankedLock teamsTeams togetherTeam positionsShared explorationLock speedFull tech treeHidden civsTurbo modeCheats
Victory
Defeat
🇨🇱 Khmer · Chile
1058
+10
🇦🇺 Byzantines · Australia
988
+14
🇨🇳 Spanish · China
939
-12
🇨🇳 Franks · China
922
-12
MouldyLungz
10:59 Feudal Age
12:09 Double-Bit Axe
16:38 Castle Age
14:48 Horse Collar
16:20 Gold Mining
18:12 Bow Saw
18:10 Heavy Plow
19:19 Husbandry
23:03 Loom
23:58 Wheelbarrow
25:14 Redemption
26:09 Atonement
26:30 Sanctity
26:23 Fervor
26:17 Devotion
27:52 Elite Skirmisher
29:06 Thumb Ring
30:30 Fletching
30:40 Padded Archer Armor
31:42 Bodkin Arrow
32:20 Ballistics
35:25 Imperial Age
33:11 Hand Cart
33:34 Leather Archer Armor
35:55 Scale Barding Armor
36:01 Forging
35:13 Light Cavalry
37:12 Bracer
37:32 Chain Barding Armor
36:45 Heavy Camel Rider
37:52 Hussar
39:27 Crop Rotation
39:49 Iron Casting
40:33 Ring Archer Armor
41:28 Chemistry
42:01 Murder Holes
43:04 Plate Barding Armor
43:12 Treadmill Crane
45:20 Caravan
Ku To Nhu Phich
0:27 Loom
12:20 Feudal Age
16:42 Castle Age
15:07 Double-Bit Axe
15:11 Horse Collar
16:51 Wheelbarrow
26:05 Bow Saw
27:46 Heavy Plow
33:03 Imperial Age
31:43 Fletching
31:55 Padded Archer Armor
32:40 Bodkin Arrow
32:57 Forging
32:53 Scale Barding Armor
33:22 Elite Ballista Elephant
34:04 Double Crossbow
34:19 Bracer
34:35 Leather Archer Armor
35:25 Chemistry
35:28 Iron Casting
35:40 Chain Barding Armor
36:29 Hand Cart
37:36 Bloodlines
37:36 Light Cavalry
37:45 Elite Skirmisher
39:00 Ring Archer Armor
42:08 Tusk Swords
41:40 Elite Battle Elephant
43:51 Plate Barding Armor
44:18 Blast Furnace
46:04 Husbandry
49:08 Conscription
佞臣
11:36 Feudal Age
12:07 Double-Bit Axe
14:04 Wheelbarrow
19:58 Castle Age
19:10 Forging
19:13 Gold Mining
28:50 Bow Saw
33:17 Pikeman
34:00 Squires
35:54 Stone Mining
38:31 Iron Casting
37:58 Scale Mail Armor
39:42 Gold Shaft Mining
43:06 Ballistics
51:27 Imperial Age
每天都打原神
11:43 Feudal Age
12:22 Double-Bit Axe
14:56 Wheelbarrow
18:32 Castle Age
16:15 Horse Collar
16:59 Stone Mining
17:47 Gold Mining
20:05 Bow Saw
19:47 Loom
21:36 Padded Archer Armor
21:27 Fletching
23:07 Leather Archer Armor
26:24 Heavy Plow
27:56 Ballistics
34:50 Imperial Age
32:08 Town Watch
35:08 Stone Shaft Mining
36:06 Conscription
37:06 Chemistry
36:41 Ring Archer Armor
37:26 Two-Man Saw
37:09 Forging
37:05 Scale Barding Armor
37:26 Elite Conquistador
39:13 Light Cavalry
39:58 Husbandry
40:09 Bloodlines
41:18 Hussar
43:01 Hand Cart
43:18 Chain Barding Armor
44:40 Murder Holes
44:56 Masonry
46:23 Plate Barding Armor
Connection lost

Rejoining the realm…

Still unreachable

The connection could not be restored.

Session expired

The server has moved on; the page needs a fresh start.